 Dungeon Crawl Stone Soup version 0.29-a0-451-gfbfa42419e (webtiles) character file.

Game seed: 911198047280277443

32 Ge0ff the Grave Robber (level 3, 0/17 HPs)
             Began as a Vine Stalker Necromancer on May 19, 2022.
             Succumbed to an adder's poison
             ... on level 2 of the Dungeon.
             The game lasted 00:05:34 (1295 turns).

Ge0ff the Grave Robber (Vine Stalker Necromancer)   Turns: 1295, Time: 00:05:34

Health: 0/17       AC:  3    Str:  8 (10) XL:     3   Next: 25%
Magic:  6/7        EV: 12    Int: 16 (17) God:
Gold:   63         SH:  0    Dex: 13 (14) Spells: 5/6 levels left

rFire   . . .      SeeInvis +   a - +0 dagger
rCold   . . .      Faith    .   (no shield)
rNeg    . . .      Spirit   +   S - +0 robe
rPois   .          Reflect  .   (no helmet)
rElec   .          Harm     .   P - +0 cloak
rCorr   .          Rampage  .   (no gloves)
Will    .....                   (no boots)
Stlth   +.........              (no amulet)
HPRegen 0.05/turn               X - ring of see invisible
MPRegen 0.10/turn               (no ring)

@: confused, lethally poisoned (0 -> -3), ambrosia-drunk
A: fangs 2, magic shield, antimagic bite, no potion heal 2
a: no special abilities


You were on level 2 of the Dungeon.
You visited 1 branch of the dungeon, and saw 2 of its levels.

You collected 63 gold pieces.

Inventory:

Hand Weapons
 a - a +0 dagger (weapon)
Missiles
 T - 56 stones
 W - 5 poisoned darts
Armour
 L - a +0 scale mail
 M - a +0 leather armour
 P - a +0 cloak (worn)
 S - a +0 robe (worn)
Jewellery
 X - a ring of see invisible (left hand)
Scrolls
 O - a scroll of noise {unknown}
 Q - a scroll of poison {unknown}
 U - a scroll of enchant weapon {unknown}
Potions
 K - 2 potions of magic {!q}


   Skills:
 + Level 0.4 Fighting
 - Level 1.5 Dodging
 - Level 2.4 Stealth
 - Level 2.1 Spellcasting
 - Level 5.0 Necromancy


You had 5 spell levels left.
You knew the following spells:

 Your Spells              Type           Power      Damage    Failure   Level
k - Necrotize             Necr           68%        1d7       2%          1

Your spell library contained the following spells:

 Spells                   Type           Power      Damage    Failure   Level
 Vampiric Draining        Necr           17%        2d7       8%          3
 Animate Dead             Necr           17%        N/A       26%         4
 Poisonous Vapours        Pois/Air       2%         N/A       30%         2
 Agony                    Necr           17%        N/A       58%         5
 Corpse Rot               Necr/Pois/Air  7%         N/A       71%         4


Dungeon Overview and Level Annotations

Branches:
Dungeon (2/15)

Altars:

Annotations:
D:1 27 Necro


Innate Abilities, Weirdness & Mutations

You have extremely sharp teeth.
When hurt, damage is shared between your health and your magic reserves.
Your bite disrupts and absorbs the magic of your enemies.
Potions cannot restore your health.


Message History

Confirm with . or Enter, or press ? or * to list all spells.
Aiming: Necrotize (safe; 2% risk of failure)
Press: ? - help, Shift-Dir - straight line, f/p - adder
Aim: an adder (lightly wounded, chance to affect: 83%)
The adder writhes in agony.
The bat hits you. The adder barely misses you. The quokka bites you.
Casting: Necrotize (safe; 2% risk of failure)
Confirm with . or Enter, or press ? or * to list all spells.
Aiming: Necrotize (safe; 2% risk of failure)
Press: ? - help, Shift-Dir - straight line, f/p - adder
Aim: an adder (moderately wounded, chance to affect: 83%)
The adder writhes in agony.
The adder completely misses you. The bat hits you but does no damage.
The quokka bites you. The adder bites you but does no damage.
Casting: Necrotize (safe; 2% risk of failure)
Confirm with . or Enter, or press ? or * to list all spells.
Aiming: Necrotize (safe; 2% risk of failure)
Press: ? - help, Shift-Dir - straight line, f/p - adder
Aim: an adder (moderately wounded, chance to affect: 83%)
The adder barely resists.
The bat closely misses you.
The quokka bites you but does no damage.
The adder bites you.
You are lethally poisoned!
The adder poisons you!
It was a potion of degeneration.
There was something very wrong with that liquid.
You feel weakened.
You feel dopey.
You feel clumsy.
* * * LOW HITPOINT WARNING * * *
You feel sick. The quokka bites you.
* * * LOW HITPOINT WARNING * * *
The adder bites you but does no damage. The bat closely misses you.
It was a potion of curing.
Your system rejects the healing.
You feel better. The bat hits you but does no damage.
The adder bites you but does no damage. The quokka misses you.
The adder barely misses you. The quokka barely misses you.
It was a potion of ambrosia.
You are confused.
Your system rejects the healing.
You feel invigorated. The bat closely misses you. The adder barely misses you.
The quokka bites you but does no damage.
The bat barely misses you. The bat closely misses you. The adder bites you.
You are lethally poisoned!
The adder poisons you! The adder misses you.
Okay, then.
* * * LOW HITPOINT WARNING * * *
You feel sick. The bat closely misses you.
* * * LOW HITPOINT WARNING * * *
You feel sick. The bat hits you but does no damage. The quokka bites you.
You die...

##### #...#
#...#
#...#####..
#..<..>...#
#.b..######
#...##
#.Sr# #.@.#
#...# #####


You could see an adder, a quokka and a bat.

Vanquished Creatures
  5 bats
  7 endoplasms
  3 hobgoblins
  6 ball pythons
  A frilled lizard (D:1)
  A goblin (D:1)
  3 kobolds
  3 rats (D:1)
29 creatures vanquished.

Vanquished Creatures (collateral kills)
  A frilled lizard (D:1)
1 creature vanquished.

Vanquished Creatures (others)
  A plant (D:1)
1 creature vanquished.

Grand Total: 31 creatures vanquished

Notes
Turn   | Place    | Note
-------+----------+-------------------------------------------
     0 | D:1      | Ge0ff the Vine Stalker Necromancer began the quest for the
                  | Orb.
     0 | D:1      | Reached XP level 1. HP: 9/9 MP: 4/4
   178 | D:1      | Found a faded altar of an unknown god.
   322 | D:1      | Reached XP level 2. HP: 13/13 MP: 3/6
  1081 | D:2      | Reached XP level 3. HP: 16/16 MP: 1/7
  1123 | D:2      | Reached skill level 5 in Necromancy
  1295 | D:2      | Succumbed to an adder's poison

Illustrated notes

Levels and vault maps discovered:
D:1:      dpeg_arrival_line_fractal, layout_loops_cross,
          shapermc_ecumenical_altar_mp_ritualfount, minmay_misc_feat_plants,
          st_stairs_3
D:2:      layout_rooms, uniq_robin

Skill      XL: |  1  2  3 |
---------------+----------+-----
Necromancy     | 5 |  5.0
Fighting       | |  0.4
Dodging        | |  1.5
Stealth        | |  2.4
Spellcasting   | |  2.1

Action                   || total
-------------------------++-------
Melee: Unarmed           ||     9
       Bite              ||     4
       Dagger            ||     2
 Cast: Necrotize         ||    54
  Use: Potion            ||     3
Armor: Robe              ||    16
Dodge: Dodged            ||    34

Table legend: (Time is in decaauts)
 A = Elapsed time spent in this place.
 B = Non-inter-level travel time spent in this place.
 C = Inter-level travel time spent in this place.
 D = Time resting spent in this place.
 E = Time spent auto-exploring this place.
 F = Levels seen in this place.
 G = Mean time per level.
                   A        B        C        D        E       F      G
               +--------+--------+--------+--------+--------+-----+--------+
         Total |   1293 |   1238 |     55 |    105 |    807 |   2 |  646.5 |
       Dungeon |   1293 |   1238 |     55 |    105 |    807 |   2 |  646.5 |
               +--------+--------+--------+--------+--------+-----+--------+

Top non-repeatable levels by time:
     D:1: 1078 daAuts
     D:2: 214 daAuts
